Map: Romanticide LE

Players

YourWIFI

  • Race: Terran Terran

ViBE - Winner!

  • Race: Zerg Zerg
  • League: Diamond

Event: ViBE_B2GM_2021

VOD

Have the link to the VOD?

Description

Time

  • Played on: April 11, 2021, 2:20 a.m.
  • Length: 12:15
Show
View Real Time Build Order
Export as new Build Order

YourWIFI Terran 

Build Orders: Reaper Expand 

Get SALT Encoding   

  12  0:15  SCV  
  12  0:20  Supply Depot  
  13  0:27  SCV  
  14  0:39  SCV  
  14  0:42  Barracks  
  15  0:47  Refinery  
  15  0:51  SCV  
  16  1:03  SCV  
  17  1:15  SCV  
  18  1:30  Reaper, Orbital Command  
  19  1:42  Command Center  
  19  1:56  Refinery  
  19  2:01  SCV  
  19  2:02  Supply Depot  
  19  2:03  Marine  
  21  2:16  Factory  
  21  2:17  SCV  
  22  2:29  Barracks Reactor, SCV  
  23  2:41  SCV  
  24  2:53  SCV  
  24  2:55  Orbital Command  
  25  3:05  SCV  
  26  3:14  Starport  
  26  3:15  Barracks Tech Lab  
  26  3:17  SCV  
  27  3:23  Command Center  
  27  3:26  SCV  
  28  3:29  SCV, Hellion  
  31  3:35  Hellion  
  31  3:38  SCV  
  34  3:49  SCV  
  34  3:54  Engineering Bay  
  35  3:57  Engineering Bay  
  35  4:04  SCV x2  
  35  4:07  Hellion x2  
  41  4:16  SCV, Supply Depot  
  42  4:23  Supply Depot  
  37  4:33  Hellion x2  
  37  4:35  SCV x2  
  43  4:38  Refinery  
  43  4:39  Barracks Tech Lab  
  43  4:45  Orbital Command  
  46  4:47  SCV  
  47  4:54  Hellion  
  47  4:55  Barracks  
  47  4:59  Stimpack  
  49  5:02  Barracks  
  49  5:07  SCV x2  
  48  5:16  Orbital Command  
  48  5:19  SCV  
  48  5:21  Barracks, Marine  
  49  5:25  SCV  
  49  5:27  Factory Tech Lab  
  51  5:32  SCV  
  52  5:35  Terran Infantry Armor Level 1, Terran Infantry Weapons Level 1  
  52  5:39  Armory, Marine  
  52  5:41  Medivac x2  
  57  5:46  SCV  
  57  5:47  SCV  
  57  5:48  SCV  
  60  5:57  Marine  
  60  5:59  SCV x2  
  61  6:07  SCV  
  61  6:11  Barracks Reactor, SCV, Barracks Tech Lab  
  61  6:12  Siege Tank  
  62  6:21  Marine x2  
  62  6:24  Medivac  
  62  6:25  SCV x3  
  65  6:32  Barracks  
  65  6:35  Barracks  
  65  6:37  SCV  
  65  6:39  Marine x2  
  70  6:40  Marauder  
  70  6:41  Combat Shield  
  70  6:44  Concussive Shells, Siege Tank  
  73  6:49  SCV  
  73  6:50  SCV x2  
  73  6:52  Marine  
  77  6:56  Supply Depot  
  77  6:58  Supply Depot  
  77  7:11  Supply Depot  
  77  7:12  Supply Depot  
  77  7:14  Supply Depot x2  
  77  7:15  Supply Depot  
  77  7:16  Supply Depot  
  77  7:18  SCV x3, Marine x4  
  77  7:19  Siege Tank  
  77  7:20  Marauder  
  89  7:23  Barracks Reactor, Barracks Tech Lab  
  89  7:30  SCV x2  
  89  7:31  SCV  
  89  7:35  Marine x3  
  89  7:36  Marauder  
  97  7:37  Command Center  
  97  7:39  Medivac, Supply Depot  
  97  7:40  Marine  
  97  7:43  Terran Infantry Weapons Level 2  
  100  7:47  Terran Infantry Armor Level 2  
  100  7:50  Marine  
  101  7:53  SCV x2, Marine x3  
  101  7:57  Marine  
  107  7:59  Marauder, Marine x2  
  111  8:07  Terran Vehicle Weapons Level 1  
  111  8:08  Refinery, Marauder  
  113  8:15  Barracks x2, Marine  
  113  8:16  Marauder, Marine x2  
  113  8:17  Barracks, Marine x2  
  120  8:20  Marauder  
  120  8:21  Refinery x2  
  122  8:28  Missile Turret  
  122  8:30  Sensor Tower, Missile Turret  
  122  8:34  Marine x3  
  122  8:35  Marauder, Marine  
  122  8:37  Marauder  
  122  8:40  Missile Turret  
  86  9:12  Marine x3  
  86  9:13  Marauder x2, Marine, Siege Tank  
  86  9:15  Marauder, Marine  
  97  9:17  Medivac  
  97  9:18  Medivac  
  99  9:24  Barracks Tech Lab x2  
  99  9:25  Barracks Reactor  
  99  9:30  Marine x4  
  102  9:33  Marauder  
  102  9:35  Marine x2  
  102  9:36  Marine  
  107  9:39  Supply Depot  
  107  9:45  Siege Tank  
  107  9:46  SCV  
  107  9:51  Marine x2  
  107  9:52  Marine x4  
  117  9:53  Marine x2  
  117  9:54  Marine  
  117  9:55  SCV x2  
  117  9:57  Planetary Fortress  
  117  9:58  SCV  
  117  9:59  Marine  
  124  10:03  Medivac  
  126  10:07  SCV x2  
  126  10:09  Marine  
  126  10:10  SCV, Marauder  
  126  10:12  Marine x6  
  126  10:13  Marauder, Marine x2  
  142  10:17  Marine  
  142  10:18  Siege Tank  
  142  10:19  SCV x2  
  142  10:20  Factory  
  148  10:21  Factory  
  148  10:27  Marine  
  149  10:30  Sensor Tower  
  149  10:33  Marine  
  149  10:34  Refinery, Marauder, Marine x4  
  149  10:35  Marine  
  157  10:36  Refinery  
  157  10:40  Marauder x2  
  161  10:44  Supply Depot  
  117  10:50  Siege Tank  
  117  10:52  Supply Depot  
  105  10:58  Marine x2  
  105  10:59  Marauder x2, Marine x3  
  105  11:01  Marauder  
  91  11:04  Marine  
  91  11:07  Marine  
  86  11:14  Supply Depot  
  86  11:16  Marine x2  
  86  11:17  Marine  
  85  11:20  Marauder, Marine  
  85  11:21  Marine  
  85  11:22  Marine  
Show
View Real Time Build Order
Export as new Build Order

ViBE Zerg - Winner!

Build Orders: Hatch First 

Get SALT Encoding   

  12  0:00  Drone  
  13  0:14  Overlord  
  13  0:20  Drone  
  14  0:33  Drone x2  
  16  0:39  Drone  
  17  0:52  Hatchery  
  16  0:57  Drone  
  16  1:02  Drone  
  18  1:12  Extractor  
  18  1:17  Spawning Pool  
  16  1:20  Drone x2  
  18  1:29  Drone  
  19  1:46  Overlord  
  19  2:00  Drone  
  20  2:03  Queen  
  20  2:04  Queen  
  20  2:07  Zergling x4  
  26  2:14  Drone  
  27  2:17  Metabolic Boost  
  27  2:19  Drone  
  28  2:31  Drone x2  
  30  2:38  Drone x2  
  31  2:47  Hatchery  
  30  2:55  Queen  
  30  2:56  Overlord  
  32  3:02  Drone x3  
  35  3:08  Overlord  
  35  3:13  Drone  
  36  3:21  Drone x5  
  41  3:34  Queen  
  41  3:39  Zergling x4  
  45  3:41  Drone  
  46  3:49  Zergling x2  
  46  3:50  Zergling x6  
  50  3:56  Drone  
  50  3:57  Drone, Lair  
  50  3:59  Overlord  
  50  4:02  Overlord  
  52  4:04  Overlord  
  52  4:12  Overlord  
  52  4:25  Drone x9  
  59  4:35  Drone x3  
  62  4:39  Drone x3  
  65  4:46  Drone  
  65  4:47  Drone x5  
  65  4:50  Extractor  
  65  4:51  Extractor  
  69  4:54  Drone  
  69  4:59  Drone x2  
  72  5:01  Hatchery, Baneling Nest  
  72  5:04  Evolution Chamber  
  72  5:07  Drone x2, Evolution Chamber  
  71  5:14  Drone x7  
  71  5:16  Hydralisk Den  
  71  5:19  Drone  
  77  5:22  Extractor  
  77  5:26  Extractor x2, Drone x2  
  77  5:27  Drone x2  
  78  5:28  Drone  
  78  5:34  Overlord x3  
  79  5:51  Zerg Ground Armor Level 1  
  79  5:52  Zerg Melee Weapons Level 1  
  79  5:53  Zergling x2  
  79  5:54  Zergling x14  
  79  5:57  Centrifical Hooks  
  79  6:04  Drone  
  79  6:06  Drone x4  
  79  6:07  Drone  
  83  6:11  Zergling x2  
  83  6:12  Zergling x10  
  88  6:25  Grooved Spines  
  88  6:30  Hydralisk  
  88  6:31  Hydralisk x6  
  102  6:33  Zergling x2  
  103  6:50  Overlord x4  
  103  6:51  Overlord x3  
  103  6:56  Drone  
  103  6:57  Hatchery  
  103  7:08  Hydralisk x6  
  103  7:09  Zergling x2  
  103  7:10  Zergling x12  
  103  7:13  Baneling x9  
  121  7:18  Drone x10  
  131  7:31  Drone x5  
  131  7:36  Muscular Augments  
  136  7:44  Infestation Pit  
  135  7:46  Zerg Ground Armor Level 2, Zerg Melee Weapons Level 2  
  135  7:50  Drone x3  
  135  7:51  Drone x4  
  141  7:53  Hatchery  
  141  7:55  Extractor  
  141  7:56  Extractor  
  139  8:00  Hydralisk  
  139  8:01  Hydralisk x5  
  151  8:26  Hive  
  151  8:29  Overlord  
  151  8:30  Overlord x5  
  151  8:31  Overlord  
  151  8:32  Zergling x28  
  165  8:51  Zergling x18  
  174  9:01  Zergling x20  
  169  9:09  Zergling x2  
  156  9:10  Zergling x12  
  157  9:23  Baneling x15  
  157  9:24  Baneling x11  
  157  9:42  Zergling x2  
  157  9:43  Zergling x40  
  178  9:46  Ultralisk Cavern  
  178  9:51  Zergling x8  
  178  9:52  Zergling x4  
  183  9:59  Drone x2  
  185  10:06  Zergling x24  
  197  10:09  Overseer x2  
  197  10:16  Adrenal Glands  
  197  10:19  Zergling x4  
  167  11:00  Zergling x48  
  167  11:01  Zergling x8  
  191  11:18  Baneling x13  
  189  11:19  Baneling x4  
  186  11:42  Zergling x4  
  186  12:12  Hatchery  
Tags
 
Add a new tag
Caveats
  • Supply blocks, unpowered buildings, or Contaminate may cause inaccurate times.
  • Supply counts are checked every 10 seconds.